 Dungeon Crawl Stone Soup version 0.17-a0-701-gb6462b4 (webtiles) character file.

1051 FedoraBrony69 the Magician (level 8, -7/41 HPs)
             Began as a Deep Elf Conjurer on Apr 19, 2015.
             Was an Initiate of Kikubaaqudgha.
             Mangled by an unseen horror (9 damage)
             ... on level 5 of the Dungeon.
             The game lasted 00:19:14 (6291 turns).

FedoraBrony69 the Magician (Deep Elf Conjurer)      Turns: 6291, Time: 00:19:14

Health: -7/41      AC: 10    Str:  5    XL:     8   Next: 5%
Magic:  0/21       EV: 13    Int: 23    God:    Kikubaaqudgha [......]
Gold:   199        SH:  0    Dex: 15    Spells: 3 memorised, 12 levels left

rFire  + . .     SeeInvis .     s - +2 morningstar (protect)
rCold  x . .     Clarity  .     g - +0 robe (curse)
rNeg   . . .     SustAb   .     (no shield)
rPois  .         Gourm    .     t - +0 helmet
rElec  .         Spirit   .     r - +1 cloak {MR+}
rCorr  .         Warding  .     (no gloves)
rMut   .         Stasis   .     (no boots)
MR     +....                    w - amulet of regeneration
Stlth  ++........               (no ring)
                                a - ring of fire

@: very slightly contaminated, somewhat resistant to hostile enchantments,
unstealthy
A: no striking features
a: Renounce Religion


You were on level 5 of the Dungeon.
You worshipped Kikubaaqudgha.
Kikubaaqudgha was noncommittal.
You were very hungry.

You visited 2 branches of the dungeon, and saw 6 of its levels.

You collected 199 gold pieces.

Inventory:

Hand weapons
 s - a +2 morningstar of protection (weapon)
Armour
 g - a cursed +0 robe (worn)
 r - a +1 cloak of magic resistance (worn)
 t - a +0 helmet (worn)
Jewellery
 a - a ring of fire (left hand)
 w - an amulet of regeneration (around neck)
Magical devices
 y - a wand of frost (22)
 E - a wand of random effects (14)
Scrolls
 f - 2 scrolls of fog {unknown}
 i - a scroll of amnesia {unknown}
 l - 2 scrolls of fear {unknown}
 m - a scroll of noise {unknown}
 n - 2 scrolls of remove curse {unknown}
 o - 2 scrolls of teleportation {unknown}
 q - 2 scrolls of magic mapping {unknown}
 u - 4 scrolls of identify {unknown}
 x - a scroll of blinking {unknown}
 A - a scroll of recharging {unknown}
Potions
 e - 2 potions of brilliance {unknown}
 h - a potion of heal wounds {unknown}
 j - 5 potions of curing
 k - 2 potions of haste {unknown}
 p - a potion of poison {unknown}
 v - a potion of restore abilities {unknown}
 z - a potion of berserk rage {unknown}
 C - a potion of magic {unknown}
 D - 2 potions of cure mutation {unknown}
 F - a potion of mutation {unknown}
Books
 c - a book of Conjurations

   Spells                             Type                      Level
   a - Magic Dart                     Conjuration                  1
   b - Searing Ray                    Conjuration                  2
   c - Dazzling Spray                 Conjuration/Hexes            3
   d - Fulminant Prism                Conjuration/Hexes            4
   e - Iskenderun's Mystic Blast      Conjuration                  4
   f - Iskenderun's Battlesphere      Conjuration/Charms           5
Comestibles
 b - 3 bread rations
 d - 3 meat rations
 B - 2 slices of pizza


   Skills:
 - Level 2.4 Dodging
 - Level 2.4 Stealth
 + Level 7.8 Spellcasting
 + Level 7.7 Conjurations
 * Level 6.8 Charms


You had 12 spell levels left.
You knew the following spells:

 Your Spells              Type           Power        Failure   Level  Hunger
a - Magic Dart            Conj           ####         1%          1    None
b - Iskenderun's Battles  Conj/Chrm      #####...     12%         5    #####..
c - Iskenderun's Mystic   Conj           #####...     3%          4    ###....


Dungeon Overview and Level Annotations

Branches:
Dungeon (5/15)             Temple (1/1) D:5

Altars:
Elyvilon
Fedhas
Gozag
Kikubaaqudgha
Makhleb
Nemelex Xobeh
Qazlal
Ru
Sif Muna
Trog
The Shining One

Annotations:
D:2 exclusion: oklob plant


Message History

The orb of energy hits something.
The orb of energy explodes!
Something barely misses you.
Drink which item? (? for menu, Esc to quit)
It was a potion of curing.
You feel better. Something hits you.
* * * LOW HITPOINT WARNING * * *
Something hits you.
* * * LOW HITPOINT WARNING * * *
Casting: Iskenderun's Mystic Blast
Confirm with . or Enter, or press ? or * to list all spells.
Aiming: Magic Dart
Press: ? - help, Shift-Dir - straight line The magic dart hits something.
Something hits you.
* * * LOW HITPOINT WARNING * * *
Casting: Magic Dart
Confirm with . or Enter, or press ? or * to list all spells.
Aiming: Magic Dart
Press: ? - help, Shift-Dir - straight line The magic dart hits something.
Something hits you!
You die...
Kikubaaqudgha rasps: "You have failed me!
Welcome... death!"

#####################
................@...#
###################.#
#...# #...# #...#
###.# #....# #.....#
....P♣♣


There were no monsters in sight!

Vanquished Creatures
  Grinder (D:3)
  A sky beast (D:5)
  2 ogres (D:4)
  A scorpion (D:3)
  A gnoll shaman (D:3)
  2 orc wizards
  2 orc priests (D:3)
  A centaur skeleton (D:5)
  2 worker ants
  Robin (D:2)
  5 adders
  13 gnolls
  A river rat (D:5)
  2 adder zombies (D:5)
  An ooze (D:4)
  An adder skeleton (D:4)
  2 worms
  4 giant geckos
  13 orcs
  A bat skeleton (D:4)
  2 giant cockroaches
  17 goblins
  12 hobgoblins
  4 jackals
  A ball python (D:4)
  6 bats
  6 giant newts
  A giant spore (D:4)
  9 kobolds
  2 quokkas
  12 rats
  3 ballistomycetes (D:4)
132 creatures vanquished.

Vanquished Creatures (others)
  A plant (D:5)
1 creature vanquished.

Grand Total: 133 creatures vanquished

Notes
Turn   | Place    | Note
--------------------------------------------------------------
     0 | D:1      | FedoraBrony69, the Deep Elf Conjurer, began the quest for the Orb.
     0 | D:1      | Reached XP level 1. HP: 10/10 MP: 6/6
   306 | D:1      | Reached XP level 2. HP: 15/15 MP: 6/8
   501 | D:1      | Reached skill level 5 in Conjurations
   864 | D:2      | Found a white marble altar of Elyvilon.
   867 | D:2      | Noticed Robin
   948 | D:2      | Reached XP level 3. HP: 19/19 MP: 2/10
  1224 | D:2      | Killed Robin
  1436 | D:2      | Reached XP level 4. HP: 24/24 MP: 9/12
  1627 | D:2      | Learned a level 4 spell: Iskenderun's Mystic Blast
  1820 | D:1      | Reached skill level 5 in Spellcasting
  2076 | D:2      | Found a blossoming altar of Fedhas.
  2098 | D:2      | Noticed an oklob plant
  2345 | D:3      | Found a deep blue altar of Sif Muna.
  2565 | D:3      | Noticed Grinder
  2579 | D:3      | Killed Grinder
  2579 | D:3      | Reached skill level 6 in Spellcasting
  2579 | D:3      | Reached XP level 5. HP: 28/28 MP: 0/16
  2579 | D:3      | Reached XP level 6. HP: 32/32 MP: 0/17
  2586 | D:3      | Learned a level 5 spell: Iskenderun's Battlesphere
  2927 | D:3      | Reached skill level 1 in Charms
  3304 | D:4      | Reached skill level 7 in Conjurations
  3308 | D:4      | Reached XP level 7. HP: 36/36 MP: 1/19
  4491 | D:4      | Reached skill level 5 in Charms
  5201 | D:5      | Entered Level 5 of the Dungeon
  5399 | D:5      | Found a staircase to the Ecumenical Temple.
  5407 | Temple   | Entered the Ecumenical Temple
  5627 | Temple   | Became a worshipper of Kikubaaqudgha
  5897 | D:5      | Reached XP level 8. HP: 41/41 MP: 6/21
  6290 | D:5      | HP: 1/41 [something (6)]
  6291 | D:5      | Mangled by an unseen horror

Action                   |  1- 3 |  4- 6 |  7- 9 || total
-------------------------+-------+-------+-------++-------
Melee: Short sword       |     9 |     1 |    14 ||    24
       Morningstar       |       |       |    15 ||    15
 Cast: Magic Dart        |    81 |    62 |   123 ||   266
       Iskenderun's Myst |       |    17 |    37 ||    54
       Iskenderun's Batt |       |       |     2 ||     2
  Use: Potion            |       |       |     1 ||     1
  Eat: Chunk             |     1 |     8 |    13 ||    22
